 Dungeon Crawl Stone Soup version 0.29.1-2-gbd0b4ee654 (webtiles) character file.

Game seed: 9544235812767849040

15068 GigaChad the Spear-Bearer (level 11, 0/99 HPs)
             Began as a Minotaur Fighter on Nov 29, 2022.
             Was the Champion of Jiyva.
             Slain by a skeletal warrior
             ... wielding a +0 glaive
              (13 damage)
             ... on level 11 of the Dungeon.
             The game lasted 00:25:56 (8456 turns).

GigaChad the Spear-Bearer (Minotaur Fighter)        Turns: 8456, Time: 00:25:57

Health: 0/99       AC: 20    Str: 33    XL:     11   Next: 97%
Magic:  10/10      EV:  9    Int:  3    God:    Jiyva [******]
Gold:   374        SH:  5    Dex:  8    Spells: 10/10 levels left

rFire   + + .      SeeInvis .   e - +9 lance "Wyrmbane" {slay drac, rPois rF+ rC+ AC+3}
rCold   + . .      Faith    .   c - +0 buckler
rNeg    + . .      Spirit   .   l - +2 plate armour
rPois   +          Reflect  .   (helmet restricted)
rElec   .          Harm     .   k - +0 cloak
rCorr   +          Rampage  .   (no gloves)
Will    .....      NoCast   +   t - +2 pair of boots of Brilliance {-Cast rF+ rN+}
Stlth   ..........              (no amulet)
HPRegen 1.86/turn               (no ring)
MPRegen 0.62/turn               (no ring)

@: corroded
A: horns 2, retaliatory headbutt, mutation resistance 2, poison resistance,
strong 2, translucent skin 3, engulf
a: Renounce Religion, Oozemancy, Slimify


You were on level 11 of the Dungeon.
You worshipped Jiyva.
Jiyva was exalted by your worship.
You visited 3 branches of the dungeon, and saw 13 of its levels.

You collected 374 gold pieces.

Inventory:

Hand Weapons
 a - a +0 war axe
 e - the +9 lance "Wyrmbane" (weapon) {slay drac, rPois rF+ rC+ AC+3}
   (You took it off Maggie on level 6 of the Dungeon)

   It inflicts extra damage against dragons and draconians.
   AC:        It affects your AC (+3).
   rF:        It protects you from fire.
   rC:        It protects you from cold.
   rPois:     It protects you from poison.
 v - a +5 long sword
 w - a +2 morningstar
 C - a +2 great sword of freezing
 E - a +4 scimitar
 G - a +3 quarterstaff
 L - a +0 short sword
Armour
 b - a +0 scale mail
 c - a +0 buckler (worn)
 k - a +0 cloak (worn)
 l - a +2 plate armour (worn)
 m - an orb of mayhem
 p - the +1 chain mail of Valiance {Str+4}
   (You found it on level 6 of the Dungeon)

   Str:       It affects your strength (+4).
 t - the +2 pair of boots of Brilliance (worn) {-Cast rF+ rN+}
   (You found it on level 5 of the Dungeon)

   rF:        It protects you from fire.
   rN:        It protects you from negative energy.
   -Cast:     It prevents spellcasting.
Jewellery
 j - a ring of ice
 s - a ring of protection from fire
 K - a ring of ice
Wands
 q - a wand of paralysis (12)
 x - a wand of flame (39) (quivered)
 H - a wand of quicksilver (3)
Scrolls
 f - 6 scrolls of identify
 i - 2 scrolls of blinking
 r - 4 scrolls of amnesia
 y - 4 scrolls of magic mapping {unknown}
 A - a scroll of fear
 B - a scroll of acquirement {unknown}
 D - a scroll of noise {unknown}
 F - a scroll of poison
 J - a scroll of torment {unknown}
Potions
 d - 3 potions of might
 g - a potion of berserk rage {unknown}
 h - 4 potions of curing
 n - a potion of cancellation {unknown}
 o - 2 potions of degeneration {unknown}
 u - a potion of invisibility {unknown}
 z - a potion of mutation {unknown}
 I - a potion of magic {unknown}


   Skills:
 * Level 9.8 Fighting
 + Level 7.6(11.0) Axes
 * Level 12.4(13.2) Polearms
 * Level 10.2 Armour
 * Level 6.8 Dodging
 * Level 5.7 Stealth
 * Level 8.4 Shields


You had 10 spell levels left.
You didn't know any spells.
Your spell library contained the following spells:

 Spells                   Type           Power      Damage    Failure   Level
 Shock                    Conj/Air       0%         1d3       99%         1
 Slow                     Hex            0%         N/A       99%         1
 Confusing Touch          Hex            0%         N/A       100%        3
 Conjure Flame            Conj/Fire      0%         6-21      100%        3
 Ignite Poison            Fire/Tmut/Pois 0%         N/A       100%        3
 Swiftness                Air            0%         N/A       100%        3
 Vampiric Draining        Necr           0%         2d6       100%        3
 Airstrike                Air            0%         2d(0-16)  100%        4
 Sticky Flame             Conj/Fire      0%         2d3       100%        4


Dungeon Overview and Level Annotations

Branches:
Dungeon (11/15)            Temple (1/1) D:4            Lair (1/5) D:9
    Orc: D:9-12

Altars:
Ashenzari
Cheibriados
Dithmenos
Elyvilon
Fedhas
Gozag
Hepliaklqana
Kikubaaqudgha
Makhleb
Nemelex Xobeh
Okawaru
Qazlal
Ru
Sif Muna
Trog
Uskayaw
Vehumet
Wu Jian
Xom
Yredelemnul
Zin
The Shining One
Jiyva

Annotations:
D:3 2 transporters
D:10 1 runed translucent door, LustLizard's ghost, journeyman DEAM
Lair:1 exclusion: oklob plant


Innate Abilities, Weirdness & Mutations

You have a pair of horns on your head.
You reflexively headbutt those who attack you in melee.
You are somewhat resistant to both further mutation and mutation removal.
Your system is resistant to poisons. (rPois)
Your muscles are very strong. (Str +8, Int/Dex -2)
Your transparent skin significantly reduces your foes' accuracy. (Stealth+)
Your melee attacks may engulf your foes in ooze.


Message History

The skeletal warrior hits you but does no damage.
A skeletal warrior comes into view. It is wielding a +0 mace.
You hit the acid dragon.
The acid dragon convulses.
The acid dragon is moderately wounded.
You impale the skeletal warrior!!
You headbutt the skeletal warrior, but do no damage.
The skeletal warrior is heavily damaged.
The skeletal warrior hits you from afar with a +0 halberd!!
You block the acid dragon's attack. The acid dragon barely misses you.
You block the skeletal warrior's attack.
You hit the skeletal warrior. You headbutt the skeletal warrior!
The skeletal warrior is almost destroyed.
You hit the skeletal warrior but do no damage.
The skeletal warrior is almost destroyed.
The acid dragon barely misses you. You block the acid dragon's attack.
The skeletal warrior hits you from afar with a +0 halberd!
You puncture the skeletal warrior!
You engulf the skeletal warrior in ooze!
You headbutt the skeletal warrior, but do no damage.
The skeletal warrior is moderately damaged.
You hit the skeletal warrior but do no damage.
Your headbutt misses the skeletal warrior.
The skeletal warrior is moderately damaged.
The acid dragon spits acid at you. The splash of acid hits you! You resist.
The acid corrodes you!
The skeletal warrior hits you from afar with a +0 glaive.
The skeletal warrior hits you from afar with a +0 halberd!
* * * LOW HITPOINT WARNING * * *
You hit the skeletal warrior but do no damage.
You headbutt the skeletal warrior!
The skeletal warrior is moderately damaged.
You hit the skeletal warrior but do no damage.
The skeletal warrior is moderately damaged.
The skeletal warrior hits you with a +0 short sword!
* * * LOW HITPOINT WARNING * * *
The acid dragon barely misses you. You furiously retaliate!
You headbutt the acid dragon, but do no damage.
The acid dragon closely misses you.
The skeletal warrior hits you from afar with a +0 glaive!
You die... #.$ ####?. ...# ....# ..#.# ...# ....?# #.z# .....# zz#

...#.#
#z##.....#
#@D......#
#......#.#
#......#.#
#........#
#........#
#........#
#..#...#.#
#........#
#.)......#


You could see 4 skeletal warriors and an acid dragon.

Vanquished Creatures
  Fannar (D:10)
  Erolcha (D:10)
  2 two-headed ogres
  Sonja (D:11)
  Pikel (D:7)
  A manticore (D:11)
  3 elephants (Lair:1)
  2 black mambas (Lair:1)
  A cane toad (Lair:1)
  Maggie (D:6)
  A kobold demonologist (D:10)
  3 trolls
  A hornet (Lair:1)
  A vampire (D:10)
  13 yaks
  2 shadows
  2 wraiths (D:9)
  A basilisk (Lair:1)
  A wyvern (D:10)
  3 steam dragons
  Grum (D:10)
  A water moccasin (Lair:1)
  An orc warrior (D:8)
  4 sky beasts
  An ogre (D:5)
  2 phantoms (D:5)
  11 wolves
  6 kobold brigands
  7 bullfrogs
  A necrophage (D:6)
  2 scorpions
  13 wights
  8 killer bees
  3 electric eels (D:9)
  6 hounds
  A gnoll bouda (D:8)
  3 orc priests
  3 iguanas
  6 orc wizards
  7 gnolls
  8 adders
  A shadow imp (D:6)
  A white imp (D:7)
  2 ufetubi
  2 dart slugs
  15 orcs
  2 endoplasms (D:2)
  A giant cockroach (D:2)
  5 goblins
  6 hobgoblins
  3 jackals (D:3)
  3 quokkas
  7 ball pythons
  2 frilled lizards
  26 kobolds
  5 rats
218 creatures vanquished.

Vanquished Creatures (others)
  An oklob plant (Lair:1)
  A basilisk (Lair:1)
  A water moccasin (D:5)
  A centaur (D:7)
  2 scorpions
  13 jellies
  A howler monkey (D:5)
  3 orc priests
  A hound (D:4)
  4 orc wizards
  An adder (D:4)
  3 shadow imps (D:3)
  An ufetubus (D:6)
  11 orcs
  12 endoplasms
  A ball python (D:3)
  A bat (D:3)
  2 goblins (D:3)
  37 fungi
  74 plants
171 creatures vanquished.

Grand Total: 389 creatures vanquished

Notes
Turn   | Place    | Note
-------+----------+-------------------------------------------
     0 | D:1      | GigaChad the Minotaur Fighter began the quest for the Orb.
     0 | D:1      | Reached XP level 1. HP: 19/19 MP: 0/0
   171 | D:1      | Reached XP level 2. HP: 27/27 MP: 1/1
   407 | D:2      | Reached XP level 3. HP: 23/33 MP: 2/2
   847 | D:2      | Found a faded altar of an unknown god.
   858 | D:2      | Prayed at the altar of an unknown god.
   858 | D:2      | Became a worshipper of Jiyva Jiskabid the Shapeless
   858 | D:2      | Reached * piety under Jiyva
  1284 | D:2      | Reached XP level 4. HP: 40/40 MP: 3/3
  1534 | D:3      | Found a transporter.
  1556 | D:3      | Reached ** piety under Jiyva
  1589 | D:3      | Found a transporter.
  1768 | D:3      | Found an iron altar of Okawaru.
  2376 | D:4      | Killed a scorpion
  2449 | D:4      | Found a stormy altar of Qazlal.
  2538 | D:4      | Reached XP level 5. HP: 47/47 MP: 4/4
  2598 | D:4      | Found a staircase to the Ecumenical Temple.
  2622 | Temple   | Entered the Ecumenical Temple
  3330 | D:5      | Entered Level 5 of the Dungeon
  3344 | D:5      | Reached *** piety under Jiyva
  3361 | D:5      | Reached skill level 5 in Armour
  3361 | D:5      | Reached skill level 1 in Dodging
  3390 | D:5      | Found a sparkling altar of Nemelex Xobeh.
  3471 | D:5      | Identified the +2 pair of boots of Brilliance {-Cast rF+
                  | rN+}
  3499 | D:5      | Killed a water moccasin
  3526 | D:5      | Reached skill level 1 in Stealth
  3526 | D:5      | Reached XP level 6. HP: 55/55 MP: 5/5
  3557 | D:5      | Reached skill level 5 in Fighting
  3557 | D:5      | Reached skill level 5 in Axes
  3563 | D:5      | Gained mutation: Your translucent skin slightly reduces
                  | your foes' accuracy. (Stealth+) [Jiyva's grace]
  3563 | D:5      | Gained mutation: Your translucent skin reduces your foes'
                  | accuracy. (Stealth+) [Jiyva's grace]
  3563 | D:5      | Gained mutation: Your transparent skin significantly
                  | reduces your foes' accuracy. (Stealth+) [Jiyva's grace]
  3563 | D:5      | Gained mutation: You passively dampen the noise of your
                  | surroundings. [Jiyva's grace]
  3677 | D:5      | Reached XP level 7. HP: 61/61 MP: 6/6
  3711 | D:5      | Reached skill level 5 in Shields
  3735 | D:5      | Found an opulent altar of Gozag.
  4001 | D:5      | Reached **** piety under Jiyva
  4326 | D:6      | Identified the +1 chain mail of Valiance {Str+4}
  4334 | D:6      | Noticed Maggie
  4348 | D:6      | Killed Maggie
  4349 | D:6      | Reached XP level 8. HP: 58/70 MP: 7/7
  4432 | D:6      | Found a shimmering blue altar of Sif Muna.
  4787 | D:7      | Reached skill level 1 in Polearms
  4888 | D:7      | Reached skill level 2 in Polearms
  4901 | D:7      | Reached ***** piety under Jiyva
  4934 | D:7      | Found a shadowy altar of Dithmenos.
  5084 | D:7      | Noticed Pikel
  5099 | D:7      | Paralysed by Pikel for 2 turns
  5108 | D:7      | Killed Pikel
  5109 | D:7      | Reached skill level 3 in Polearms
  5109 | D:7      | Reached XP level 9. HP: 79/79 MP: 8/8
  5367 | D:8      | Reached skill level 4 in Polearms
  5433 | D:8      | Lost mutation: Your transparent skin significantly reduces
                  | your foes' accuracy. (Stealth+) [Jiyva's grace]
  5433 | D:8      | Gained mutation: You are somewhat resistant to further
                  | mutation. [Jiyva's grace]
  5433 | D:8      | Gained mutation: You are somewhat resistant to both further
                  | mutation and mutation removal. [Jiyva's grace]
  5433 | D:8      | Gained mutation: You are almost entirely resistant to
                  | further mutation and mutation removal. [Jiyva's grace]
  5433 | D:8      | Gained mutation: Your transparent skin significantly
                  | reduces your foes' accuracy. (Stealth+) [Jiyva's grace]
  5735 | D:8      | Reached skill level 5 in Polearms
  5801 | D:8      | Found a burning altar of Makhleb.
  5801 | D:8      | Noticed a two-headed ogre
  5810 | D:8      | Killed a two-headed ogre
  5811 | D:8      | Reached skill level 6 in Polearms
  6071 | D:8      | Reached skill level 7 in Polearms
  6071 | D:8      | Reached XP level 10. HP: 88/88 MP: 9/9
  6093 | D:8      | Reached skill level 5 in Dodging
  6135 | D:8      | Reached skill level 8 in Polearms
  6369 | D:9      | Found a basalt altar of Yredelemnul.
  6477 | D:9      | Reached skill level 9 in Polearms
  6578 | D:9      | Found a staircase to the Lair.
  6713 | Lair:1   | Entered Level 1 of the Lair of Beasts
  6737 | Lair:1   | Killed an oklob plant
  6774 | Lair:1   | Reached skill level 10 in Polearms
  6834 | Lair:1   | Noticed an elephant
  6834 | Lair:1   | Noticed an elephant
  6836 | Lair:1   | Noticed an elephant
  6845 | Lair:1   | Killed an elephant
  6846 | Lair:1   | Reached XP level 11. HP: 89/95 MP: 10/10
  6859 | Lair:1   | Reached skill level 5 in Stealth
  6884 | Lair:1   | Found a blossoming altar of Fedhas.
  6903 | Lair:1   | Noticed an oklob plant
  7066 | Lair:1   | Reached skill level 11 in Polearms
  7115 | Lair:1   | Lost mutation: You are almost entirely resistant to further
                  | mutation and mutation removal. [Jiyva's grace]
  7115 | Lair:1   | Lost mutation: You passively dampen the noise of your
                  | surroundings. [Jiyva's grace]
  7115 | Lair:1   | Gained mutation: Your melee attacks may engulf your foes in
                  | ooze. [Jiyva's grace]
  7115 | Lair:1   | Gained mutation: Your muscles are strong. (Str +4, Int/Dex
                  | -1) [Jiyva's grace]
  7115 | Lair:1   | Gained mutation: Your muscles are very strong. (Str +8,
                  | Int/Dex -2) [Jiyva's grace]
  7115 | Lair:1   | Gained mutation: Your system is resistant to poisons.
                  | (rPois) [Jiyva's grace]
  7454 | D:10     | Entered Level 10 of the Dungeon
  7461 | D:10     | Noticed Grum
  7472 | D:10     | Killed Grum
  7634 | D:10     | Noticed Fannar
  7656 | D:10     | Killed Fannar
  7731 | D:10     | Found a blossoming altar of Fedhas.
  7780 | D:10     | Noticed Erolcha
  7794 | D:10     | Killed Erolcha
  8031 | D:10     | Reached skill level 12 in Polearms
  8051 | D:10     | Reached ****** piety under Jiyva
  8224 | D:10     | Found a runed translucent door.
  8226 | D:10     | Noticed LustLizard's ghost (journeyman DEAM)
  8243 | D:10     | Identified the +5 trident "Eviscerator" {pain, Fly Int-2
                  | Dex+3}
  8276 | D:11     | Noticed Sonja
  8287 | D:11     | Killed Sonja
  8348 | D:11     | Reached skill level 10 in Armour
  8422 | D:11     | Noticed a two-headed ogre
  8431 | D:11     | Killed a two-headed ogre
  8441 | D:11     | Noticed a skeletal warrior
  8445 | D:11     | Noticed a skeletal warrior
  8447 | D:11     | Noticed a skeletal warrior
  8448 | D:11     | Noticed a skeletal warrior
  8456 | D:11     | Slain by a skeletal warrior

Illustrated notes

Levels and vault maps discovered:
D:1:      dpeg_arrival_ternary, layout_loops_ring
D:2:      cheibrodos_helix_gallery, layout_loops_ring,
          dreamdust_ecumenical_altar_statues, kennysheep_generic_room_15
D:3:      gammafunk_wand_slinger, layout_loops_corners, lemuel_round_altar,
          kennysheep_potato
D:4:      layout_loops_ring, nicolae_qazlal_general_emergency,
          minmay_temple_entry_tees
D:5:      layout_loops_ring, grunt_gozag_breadcrumbs, nemelex_spade_bored_becter
D:6:      layout_loops_ring, old_standard_altar, uniq_maggie
D:7:      layout_basic, mainiacjoe_overflow_six_doors_small, uniq_pikel
D:8:      layout_basic, lemuel_crystal_altar, nicolae_wand_duel
D:9:      layout_basic, general_overflow_altar, erik_lair_island,
          nrook_pool_corridor
D:10:     layout_roguey, lemuel_doored_altar, ebering_ghost_funeral_grove,
          uniq_grum, uniq_erolcha, uniq_fannar
D:11:     layout_stronghold, uniq_psyche, uniq_sonja
Temple:   nicolae_temple_god_jail
Lair:1:   lemuel_slime, layout_chaotic_city, tgw_fedhas, grunt_megastairs_3

Skill      XL: |  1  2  3  4  5  6  7  8  9 10 11 |
---------------+----------------------------------+-----
Fighting       | 4 5 6 7 8 9 |  9.8
Armour         | 4 5 6 7 8 10 | 10.2
Shields        | 4 5 6 7 8 |  8.4
Axes           | 3 4 5 6 7 |  7.6
Dodging        | 1 3 4 5 6 |  6.8
Stealth        | 1 2 3 4 5 |  5.7
Polearms       | 3 7 10 12 | 12.4

Action                   |  1- 3 |  4- 6 |  7- 9 | 10-12 || total
-------------------------+-------+-------+-------+-------++-------
Melee: War axe           |    56 |    93 |    40 |       ||   189
       Headbutt          |    10 |    11 |    24 |    72 ||   117
       Lance             |       |       |   135 |   354 ||   489
Invok: Oozemancy         |       |       |     1 |     1 ||     2
Evoke: Wand              |       |       |     3 |       ||     3
  Use: Scroll            |     1 |     6 |     1 |     1 ||     9
Armor: Scale mail        |    30 |       |       |       ||    30
       Plate armour      |     6 |    72 |    93 |   212 ||   383
Dodge: Dodged            |    42 |    36 |    79 |   161 ||   318
Block: Buckler           |    16 |    26 |    45 |    70 ||   157
